 Dungeon Crawl Stone Soup version 0.30-a0-29-g142975f185 (webtiles) character file.

Game seed: 12778863757333307940

2 ragingrage the Caller (level 1, -2/13 HPs)
             Began as a Barachi Summoner on Aug 26, 2022.
             Slain by a hobgoblin (3 damage)
             ... on level 1 of the Dungeon.
             The game lasted 00:00:12 (34 turns).

ragingrage the Caller (Barachi Summoner)              Turns: 34, Time: 00:00:13

Health: -2/13      AC:  2    Str:  9    XL:     1   Next: 40%
Magic:  1/3        EV: 12    Int: 15    God:
Gold:   0          SH:  0    Dex: 12    Spells: 3/4 levels left

rFire   . . .      SeeInvis .    (no weapon)
rCold   . . .      Faith    .    (no shield)
rNeg    . . .      Spirit   .    a - +0 robe
rPois   .          Reflect  .    (no helmet)
rElec   .          Harm     .    (no cloak)
rCorr   .          Rampage  .    (no gloves)
Will    .....                    (no boots)
Stlth   ++........               (no amulet)
HPRegen 0.04/turn                (no ring)
MPRegen 0.08/turn                (no ring)

@: unable to hop, slow
A: amphibious, slowness 1, strong legs 1, +LOS
a: Hop


You were on level 1 of the Dungeon.
You visited 1 branch of the dungeon, and saw 1 of its levels.

Inventory:

Armour
 a - a +0 robe (worn)
Potions
 b - a potion of magic


   Skills:
 - Level 2.1 Dodging
 - Level 1.7 Stealth
 + Level 2.3 Spellcasting
 + Level 4.9 Summonings


You had 3 spell levels left.
You knew the following spells:

 Your Spells              Type           Power      Damage    Failure   Level
a - Summon Small Mammal   Summ           64%        N/A       2%          1

Your spell library contained the following spells:

 Spells                   Type           Power      Damage    Failure   Level
 Call Imp                 Summ           16%        N/A       4%          2
 Call Canine Familiar     Summ           16%        N/A       9%          3
 Summon Guardian Golem    Hex/Summ       9%         N/A       24%         3
 Summon Lightning Spire   Summ/Air       9%         N/A       61%         4


Dungeon Overview and Level Annotations

Branches:
Dungeon (1/15)

Altars:


Innate Abilities, Weirdness & Mutations

You are amphibious.
You cover ground slowly.
You can hop short distances.
You have an extended range of vision and can be seen from far away.


Message History

The hobgoblin hits you but does no damage.
You hit the hobgoblin but do no damage.
The dart slug briefly extends its eye-stalks.
The hobgoblin closely misses you.
Your bat hits the dart slug.
Your rat bites the dart slug.
You hit the hobgoblin.
The hobgoblin is moderately wounded.
Your bat hits the dart slug but does no damage.
Your bat hits the dart slug. The hobgoblin hits you.
The dart slug launches a dart at your bat.
The slug dart hits your bat.
Your bat dies!
Your bat's corpse disappears in a puff of smoke!
Your rat bites the dart slug but does no damage.
You hit the hobgoblin but do no damage.
The hobgoblin is moderately wounded.
The hobgoblin hits you.
Your rat bites the dart slug.
The dart slug closely misses your rat.
You closely miss the hobgoblin.
The hobgoblin is moderately wounded.
The hobgoblin misses you.
Your rat bites the dart slug.
The dart slug dies!
You closely miss the hobgoblin.
The hobgoblin is moderately wounded.
The hobgoblin hits you.
You hit the hobgoblin.
The hobgoblin is heavily wounded.
The hobgoblin misses you.
Your rat misses the hobgoblin. You hit the hobgoblin but do no damage.
The hobgoblin is heavily wounded.
The hobgoblin hits you.
* * * LOW HITPOINT WARNING * * *
Your rat barely misses the hobgoblin.
You closely miss the hobgoblin.
The hobgoblin is heavily wounded.
The hobgoblin barely misses you.
Your rat barely misses the hobgoblin.
You closely miss the hobgoblin.
The hobgoblin is heavily wounded.
The hobgoblin hits you.
You die...

... ♣...♣..♣<♣
.. ♣..♣♣..♣ ..
♣$.♣..♣♣♣ ♣.
♣♣.♣.♣♣..♣
♣..♣.♣.. ♣♣.♣
♣..♣♣♣.♣..♣
♣r♣.♣♣♣..♣♣
♣♣g♣♣r.♣♣♣.♣
♣@♣♣.♣...♣.♣
♣...♣.♣♣♣♣♣♣..♣
♣...♣. ♣.. ♣♣♣♣
♣.... .♣ ♣♣♣
♣♣.. ♣♣ ..♣ .


You could see a hobgoblin (ally target) and a friendly rat (summoned).

Vanquished Creatures (collateral kills)
  A dart slug (D:1)
1 creature vanquished.

Notes
Turn   | Place    | Note
-------+----------+-------------------------------------------
     0 | D:1      | ragingrage the Barachi Summoner began the quest for the
                  | Orb.
     0 | D:1      | Reached XP level 1. HP: 13/13 MP: 3/3
    34 | D:1      | Slain by a hobgoblin

Illustrated notes

Levels and vault maps discovered:
D:1:      erik_arrival_cave_to_civilisation [erik_arrival_cave_to_hall],
          layout_basic, ebering_ecumenical_altar_box,
          corexii_item_surrounded_by_moat, minmay_misc_feat_plants,
          serial_bayou_crossing

Action                   || total
-------------------------++-------
Melee: Unarmed           ||    13
 Cast: Summon Small Mamm ||     3
 Abil: Hop               ||     1
Armor: Robe              ||     1
Dodge: Dodged            ||     7

Table legend: (Time is in decaauts)
 A = Elapsed time spent in this place.
 B = Non-inter-level travel time spent in this place.
 C = Inter-level travel time spent in this place.
 D = Time resting spent in this place.
 E = Time spent auto-exploring this place.
 F = Levels seen in this place.
 G = Mean time per level.
                   A        B        C        D        E       F      G
               +--------+--------+--------+--------+--------+-----+--------+
         Total |     37 |     37 |      0 |      0 |     14 |   1 |   37.0 |
       Dungeon |     37 |     37 |      0 |      0 |     14 |   1 |   37.0 |
               +--------+--------+--------+--------+--------+-----+--------+

Top non-repeatable levels by time:
     D:1: 37 daAuts
